 Dungeon Crawl Stone Soup version 0.23-a0-644-gb60d84b635 (webtiles) character file.

190 HereIgoKillingAgain the Changer (level 5, 0/37 HPs)
             Began as a Demonspawn Transmuter on Jan 1, 2019.
             Succumbed to an adder's poison
             ... on level 3 of the Dungeon.
             The game lasted 00:06:27 (4967 turns).

HereIgoKillingAgain the Changer (DsTm)              Turns: 4967, Time: 00:06:27

Health: 0/37       AC:  2    Str: 12    XL:     5   Next: 41%
Magic:  8/8        EV: 12    Int: 16    God:
Gold:   128        SH:  0    Dex: 13    Spells: 2/8 levels left

rFire    + . .     SeeInvis .     - Unarmed
rCold    + . .     Gourm    .   (no shield)
rNeg     . . .     Faith    .   b - +0 robe
rPois    .         Spirit   .   (no helmet)
rElec    .         Reflect  .   (no cloak)
rCorr    .         Harm     .   (no gloves)
MR       .....                  (no boots)
Stlth    +.........             (no amulet)
HPRegen  0.52/turn              g - ring of protection from cold
MPRegen  0.11/turn              (no ring)

@: lethally poisoned (0 -> -2), hasted, very quick
A: hooves 1, fire resistance 1, regeneration 1, strong 1, flame cloud immunity
a: no special abilities


You were on level 3 of the Dungeon.
You were not hungry.

You visited 1 branch of the dungeon, and saw 3 of its levels.

You collected 128 gold pieces.

Inventory:

Missiles
 a - 35 arrows
Armour
 b - a +0 robe (worn)
Jewellery
 g - a ring of protection from cold (left hand)
Scrolls
 c - a scroll of enchant weapon
 f - a scroll of remove curse {unknown}
 h - a scroll of amnesia
 i - a scroll of blinking
 n - a scroll of immolation
Potions
 l - a potion of magic
Comestibles
 d - 2 chunks of flesh


   Skills:
 - Level 1.0 Fighting
 - Level 1.7 Dodging
 + Level 3.8 Unarmed Combat
 - Level 2.0 Spellcasting
 * Level 4.4 Transmutations


You had 2 spell levels left.
You knew the following spells:

 Your Spells              Type           Power        Failure   Level  Hunger
a - Beastly Appendage     Tmut           ###...       3%          1    #......
b - Sticks to Snakes      Tmut           ###.....     5%          2    ###....
c - Spider Form           Tmut/Pois      #.........   26%         3    ###....

Your spell library contained the following spells:

 Spells                   Type           Power        Failure   Level  Hunger
 Ice Form                 Ice/Tmut       #.......     63%         4    #####..
 Blade Hands              Tmut           ###.......   67%         5    ######.


Dungeon Overview and Level Annotations

Branches:
Dungeon (3/15)

Altars:
Vehumet
Wu Jian
Zin
The Shining One


Innate Abilities, Weirdness & Mutations

You have large cloven feet.
Your flesh is heat resistant. (rF+)
You are immune to clouds of flame.
Your natural rate of healing is unusually fast.
Your muscles are strong. (Str +2)


Message History

The adder bites you but does no damage.
It was a potion of haste.
You feel yourself speed up.
* * * LOW HITPOINT WARNING * * *
You feel sick. The adder misses you.
* * * LOW HITPOINT WARNING * * *
You feel sick.
* * * LOW HITPOINT WARNING * * *
You feel sick.
Your horns disappear.
* * * LOW HITPOINT WARNING * * *
You feel sick.
* * * LOW HITPOINT WARNING * * *
You feel sick.
* * * LOW HITPOINT WARNING * * *
You feel sick.
* * * LOW HITPOINT WARNING * * *
You feel sick.
* * * LOW HITPOINT WARNING * * *
You feel sick.
You die...

#######.........#.. #..###.....
#..#.....####.# #.l............
###....#######. #####
#######S##((# ....#
#.....#.....###
....######.....#..##...#########
................@......)........
....######.........####).######
....# #...)......# ##.g# ....#
#........#.#####w### ....#
######...#.....#S..# ....#
#.)...........##### ##.##
#...####.........># #..#
##.......#.......#.. ##.#
#.(..###......##.##.


You could see an adder and a leopard gecko.

Vanquished Creatures
  Jessica (D:2)
  3 adders
  3 gnolls (D:2)
  An ooze (D:3)
  A worm (D:3)
  3 dart slugs
  3 leopard geckos
  An orc (D:3)
  3 giant cockroaches
  8 goblins
  8 hobgoblins
  3 quokkas
  10 bats
  3 frilled lizards
  9 kobolds
  9 rats
69 creatures vanquished.

Vanquished Creatures (collateral kills)
  5 gnolls (D:2)
  A leopard gecko (D:3)
  An orc (D:3)
7 creatures vanquished.

Grand Total: 76 creatures vanquished

Notes
Turn   | Place    | Note
-------+----------+-------------------------------------------
     0 | D:1      | HereIgoKillingAgain the Demonspawn Transmuter began the
                  | quest for the Orb.
     0 | D:1      | Reached XP level 1. HP: 15/15 MP: 3/3
    26 | D:1      | Reached skill level 2 in Transmutations
   110 | D:1      | Gained mutation: You have large cloven feet. [demonic
                  | ancestry]
   110 | D:1      | Reached XP level 2. HP: 11/21 MP: 3/5
   738 | D:1      | Gained mutation: Your flesh is heat resistant. (rF+)
                  | [demonic ancestry]
   738 | D:1      | Reached XP level 3. HP: 11/26 MP: 4/6
   755 | D:1      | Learned a level 2 spell: Sticks to Snakes
   759 | D:1      | Learned a level 3 spell: Spider Form
  1164 | D:2      | Found a faded altar of an unknown god.
  1185 | D:2      | Reached skill level 3 in Transmutations
  1443 | D:2      | Found a radiant altar of Vehumet.
  1460 | D:2      | Found a glowing silver altar of Zin.
  1461 | D:2      | Found an ornate altar of the Wu Jian Council.
  1585 | D:2      | Noticed Jessica
  1591 | D:2      | Killed Jessica
  1591 | D:2      | Reached XP level 4. HP: 20/32 MP: 7/7
  1971 | D:2      | Found a glowing golden altar of the Shining One.
  3014 | D:2      | Found a faded altar of an unknown god.
  3024 | D:2      | Reached skill level 4 in Transmutations
  3027 | D:2      | Gained mutation: You are immune to clouds of flame.
                  | [demonic ancestry]
  3027 | D:2      | Reached XP level 5. HP: 26/37 MP: 3/8
  3080 | D:2      | Found an ornate altar of the Wu Jian Council.
  3081 | D:2      | Found a radiant altar of Vehumet.
  3081 | D:2      | Found a glowing golden altar of the Shining One.
  3123 | D:2      | Found a glowing silver altar of Zin.
  4955 | D:3      | Gained mutation: Your natural rate of healing is unusually
                  | fast. [potion of mutation]
  4955 | D:3      | Gained mutation: Your muscles are strong. (Str +2) [potion
                  | of mutation]
  4962 | D:3      | HP: 1/37 [poisoned by an adder]
  4967 | D:3      | Succumbed to an adder's poison

Vault maps used:
D:1:      lemuel_arrival_rhombus, serial_glass, glass_columns_c,
          glass_columns_a, hex_tiny, st_stairs_7
D:2:      nicolae_overflow_quartered_altars, chequers_ecumenical_altar_simple,
          grunt_decor_cap, uniq_jessica
D:3:      marbit_many_paths, overflow_temple_1_default, minmay_pentomino_pile

Skill      XL: |  1  2  3  4 |
---------------+-------------+-----
Transmutations | 2 3 4 |  4.4
Unarmed Combat | 3 |  3.8
Fighting       | |  1.0
Dodging        | |  1.7
Spellcasting   | |  2.0

Action                   |  1- 3 |  4- 6 || total
-------------------------+-------+-------++-------
Melee: Unarmed           |    90 |   134 ||   224
       Kick              |    17 |    28 ||    45
       Headbutt          |     4 |     8 ||    12
       Punch             |     2 |     4 ||     6
 Cast: Beastly Appendage |    11 |     9 ||    20
       Sticks to Snakes  |     7 |    20 ||    27
  Use: Scroll            |       |     7 ||     7
       Potion            |       |     6 ||     6
  Eat: Ration            |     1 |     3 ||     4
       Chunk             |       |     3 ||     3
Armor: Robe              |    18 |    31 ||    49
Dodge: Dodged            |    72 |   122 ||   194

Table legend:
 A = Non-vault XP
 B = Vault XP
 C = Vault XP percentage of total XP
 D = Non-vault monster count
 E = Vault monster count
 F = Vault count percentage of total count
                 A         B        C        D         E       F
            +---------+---------+-------+---------+---------+-------
      Total |     228 |      44 |  16.2 |      71 |       5 |   6.6
            +---------+---------+-------+---------+---------+-------
        D:1 |      45 |       0 |   0.0 |      24 |       0 |   0.0
        D:2 |     133 |      37 |  21.8 |      30 |       1 |   3.2
        D:3 |      50 |       7 |  12.3 |      17 |       4 |  19.0
            +---------+---------+-------+---------+---------+-------
